 Dungeon Crawl Stone Soup version 0.28-a0-1339-ga5422284a4 (webtiles) character file.

Game seed: 16042076588028859534

4396 vivovinco the Thaumaturge (level 10, 0/50 HPs)
             Began as a Deep Elf Necromancer on Dec 29, 2021.
             Was an Initiate of Yredelemnul.
             Killed from afar by a tengu conjurer (30 damage)
             ... with a bolt of lightning
             ... led by a tengu conjurer
             ... on level 9 of the Dungeon.
             The game lasted 00:52:25 (11536 turns).

vivovinco the Thaumaturge (Deep Elf Necromancer)   Turns: 11536, Time: 00:52:28

Health: 0/50       AC:  8    Str:  5    XL:     10   Next: 13%
Magic:  26/27      EV: 17    Int: 25    God:    Yredelemnul [......]
Gold:   530        SH:  0    Dex: 15    Spells: 18/32 levels left

rFire   + . .      SeeInvis .   b - +10 war axe "Atyeleb" {speed, Will+}
rCold   . . .      Faith    .   (no shield)
rNeg    . . .      Spirit   .   C - +3 leather armour
rPois   .          Reflect  .   (no helmet)
rElec   .          Harm     .   q - +1 cloak {rCorr}
rCorr   +          Rampage  .   (no gloves)
Will    ++...                   (no boots)
Stlth   +++.......              k - amulet of regeneration
HPRegen 0.96/turn               r - +4 ring of evasion
MPRegen 0.20/turn               g - ring of protection from fire

@: no status effects
A: no striking features
a: Renounce Religion, Recall Undead Harvest


You were on level 9 of the Dungeon.
You worshipped Yredelemnul.
Yredelemnul was noncommittal.
You visited 2 branches of the dungeon, and saw 10 of its levels.

You collected 530 gold pieces.

Inventory:

Hand Weapons
 a - a +2 dagger of venom
 b - the +10 war axe "Atyeleb" (weapon) {speed, Will+}
   (You found it on level 3 of the Dungeon)

   Attacks with this weapon are significantly faster.
   Will:      It increases your willpower.
 p - a +4 quarterstaff of chaos
Missiles
 l - 176 stones
 u - 24 poisoned darts
 D - 8 boomerangs
Armour
 e - a +0 robe
 f - a +0 buckler
 q - a +1 cloak of preservation (worn)
 C - a +3 leather armour (worn)
Jewellery
 g - a ring of protection from fire (right hand)
 k - an amulet of regeneration (around neck)
 r - a +4 ring of evasion (left hand)
 s - an amulet of the acrobat
 A - a ring of fire
Wands
 x - a wand of iceblast (4)
 E - a wand of charming (8)
Scrolls
 h - a scroll of enchant weapon
 i - a scroll of blinking
 j - 2 scrolls of brand weapon
 n - 2 scrolls of teleportation
 y - a scroll of noise
 B - a scroll of immolation {unknown}
 F - a scroll of magic mapping
 G - a scroll of acquirement {unknown}
 H - a scroll of fog {unknown}
Potions
 c - a potion of brilliance
 m - 3 potions of flight
 o - 2 potions of mutation
 t - 3 potions of heal wounds
 v - a potion of might
 z - a potion of curing


   Skills:
 + Level 1.7 Short Blades
 + Level 4.9 Axes
 + Level 5.2 Dodging
 + Level 5.4 Stealth
 + Level 11.9 Spellcasting
 + Level 11.1 Necromancy
 + Level 0.1 Invocations


You had 18 spell levels left.
You knew the following spells:

 Your Spells              Type           Power      Damage    Failure   Level
a - Pain                  Necr           100%       1d9       1%          1
b - Vampiric Draining     Necr           63%        2d10      1%          3
c - Animate Dead          Necr           31%        N/A       1%          4
d - Apportation           Tloc           28%        N/A       7%          1
e - Excruciating Wounds   Necr           31%        N/A       1%          5

Your spell library contained the following spells:

 Spells                   Type           Power      Damage    Failure   Level
 Animate Skeleton         Necr           100%       N/A       1%          1
 Agony                    Necr           63%        N/A       1%          5
 Shock                    Conj/Air       56%        1d6       7%          1
 Summon Small Mammal      Summ           56%        N/A       7%          1
 Portal Projectile        Hex/Tloc       28%        N/A       21%         3
 Swiftness                Air            14%        N/A       21%         3
 Airstrike                Air            7%         N/A       56%         4
 Hailstorm                Conj/Ice       14%        3d5       56%         4
 Ice Form                 Ice/Tmut       14%        N/A       56%         4
 Simulacrum               Ice/Necr       21%        N/A       71%         6
 Blade Hands              Tmut           7%         N/A       88%         5


Dungeon Overview and Level Annotations

Branches:
Dungeon (9/15)             Temple (1/1) D:5
   Lair: D:8-11         Orc: D:9-12

Altars:
Ashenzari
Cheibriados
Dithmenos
Elyvilon
Fedhas
Gozag
Hepliaklqana
Kikubaaqudgha
Makhleb
Nemelex Xobeh
Okawaru
Qazlal
Ru
Sif Muna
Trog
Uskayaw
Vehumet
Wu Jian
Xom
Yredelemnul
Zin
The Shining One

Shops:
D:4 :

Annotations:
D:6 Menkaure
D:9 Grum


Message History

The wolf closely misses your wyvern zombie.
Grum the Hunter comes into view.
He is wielding a +0 halberd and carrying a wand of flame (1).
A tengu conjurer comes into view.
The wolf completely misses you. The wolf misses you.
The wolf bites you but does no damage. The wolf closely misses you.
You slash the wolf!
The wolf is severely wounded.
You slash the wolf! The wolf bites your wyvern zombie.
The wolf bites you but does no damage.
Your wyvern zombie barely misses the wolf.
The tengu conjurer casts a spell.
The tengu conjurer conjures a globe of magical energy!
A battlesphere comes into view.
You closely miss the wolf.
The wolf is severely wounded.
You closely miss the wolf. You miss the wolf. The wolf completely misses you.
The wolf bites you but does no damage. The wolf barely misses you.
Your wyvern zombie closely misses the wolf.
The wolf bites you. x2; The wolf barely misses you.
Your wyvern zombie closely misses the wolf.
You miss the wolf.
The wolf is severely wounded.
You closely miss the wolf. You slash the wolf! The wolf bites you.
The wolf barely misses you. The wolf misses you.
Grum bares his teeth.
Your wyvern zombie misses the wolf.
You closely miss the wolf.
The wolf is severely wounded.
You barely miss the wolf. x2; The wolf bites you.
The wolf bites you but does no damage. The wolf misses you. x2
The wolf barely misses you.
Your wyvern zombie bites the wolf.
Grum closely misses you. The wolf bites you but does no damage.
You slash the wolf!
You kill the wolf!
You hit the wolf. You closely miss the wolf. The wolf closely misses you.
The tengu conjurer gestures at you while chanting.
The bolt of lightning hits you!!
Ouch! That really hurt!
You die...
Your body rises from the dead as a mindless zombie.

# .# .## ...
#########.####
##....h........
.....Q.@.# .....ghZ.#
....*Q##'##
.....##...##
....##.....##
...##.#...#.##
..##.8.8.8.8.##
#.#...........###
+.....".....'.#######


You could see Grum, 2 tengu conjurers, 2 wolves, a battlesphere and a friendly
wyvern zombie.

Vanquished Creatures
  A troll (D:7)
  Sigmund (D:3)
  2 wyverns
  Eustachio (D:5)
  A steam dragon (D:7)
  2 acid dragons (D:8)
  An orc warrior (D:8)
  2 ice beasts
  3 sky beasts
  2 ogres (D:4)
  A wolf (D:9)
  2 necrophages
  3 centaurs
  A phantom (D:4)
  A kobold brigand (D:8)
  2 bullfrogs (D:8)
  A scorpion (D:5)
  8 killer bees (D:8)
  An electric eel (D:6)
  A wight (D:8)
  2 bullfrog zombies (D:5)
  5 hounds
  An orc priest (D:5)
  Crazy Yiuf (D:2)
  2 iguanas (D:6)
  Natasha (twice) (D:2)
  2 orc wizards
  A hound skeleton (D:5)
  Robin (D:2)
  4 gnolls (D:8)
  14 adders
  2 worms (D:3)
  20 orcs
  14 ball pythons
  8 bats
  10 endoplasms
  4 giant cockroaches
  14 goblins
  3 hobgoblins
  6 jackals
  11 kobolds
  7 quokkas
  4 frilled lizards
  9 rats
184 creatures vanquished.

Vanquished Creatures (collateral kills)
  A water moccasin (D:6)
  A black bear (D:7)
  A centaur (D:6)
  2 gnoll sergeants (D:8)
  A bullfrog (D:8)
  A wyvern skeleton (D:7)
  An electric eel (D:6)
  A bullfrog skeleton (D:7)
  An orc priest (D:8)
  2 orcs (D:8)
12 creatures vanquished.

Vanquished Creatures (others)
  A water moccasin zombie (D:6)
  A troll zombie (D:7)
  A spectral ice beast (D:6)
  A bullfrog zombie (D:8)
  A centaur zombie (D:6)
  A black bear zombie (D:7)
  2 killer bee zombies (D:8)
  An acid dragon zombie (D:8)
  2 sky beast zombies
  A kobold zombie (D:8)
  An electric eel zombie (D:6)
  An iguana zombie (D:6)
  An adder zombie (D:6)
  A gnoll zombie (D:8)
  6 orc zombies
22 creatures vanquished.

Grand Total: 218 creatures vanquished

Notes
Turn   | Place    | Note
-------+----------+-------------------------------------------
     0 | D:1      | vivovinco the Deep Elf Necromancer began the quest for the
                  | Orb.
     0 | D:1      | Reached XP level 1. HP: 10/10 MP: 6/6
    45 | D:1      | Reached skill level 5 in Necromancy
   228 | D:1      | Reached XP level 2. HP: 2/15 MP: 2/8
   527 | D:1      | You fall into a shaft and drop 1 floor!
  1117 | D:1      | Reached XP level 3. HP: 16/19 MP: 7/10
  1334 | D:1      | Found a faded altar of an unknown god.
  1343 | D:1      | Got Plato's Compendium of the Compass
  1356 | D:1      | Learned a level 3 spell: Vampiric Draining
  2214 | D:2      | Noticed Natasha
  2390 | D:2      | Killed Natasha
  2391 | D:2      | Reached XP level 4. HP: 19/24 MP: 7/12
  2397 | D:2      | Learned a level 4 spell: Animate Dead
  2399 | D:2      | Learned a level 1 spell: Apportation
  2400 | D:2      | Noticed Natasha
  2407 | D:2      | Killed Natasha
  2716 | D:3      | Identified the +10 war axe "Atyeleb" {speed, Will+}
  3000 | D:3      | Reached XP level 5. HP: 26/28 MP: 11/14
  3077 | D:3      | Noticed Sigmund
  3108 | D:3      | Killed Sigmund
  3109 | D:3      | Reached skill level 5 in Spellcasting
  3109 | D:3      | Reached XP level 6. HP: 28/32 MP: 5/16
  3116 | D:3      | Learned a level 5 spell: Excruciating Wounds
  3804 | D:2      | Noticed Robin
  3906 | D:2      | Killed Robin
  4263 | D:2      | Found a runed translucent door.
  4264 | D:2      | Noticed Crazy Yiuf
  4278 | D:2      | Killed Crazy Yiuf
  5030 | D:4      | Reached skill level 1 in Short Blades
  5242 | D:4      | Found Asirr's Book Emporium.
  5434 | D:4      | Reached XP level 7. HP: 36/36 MP: 17/19
  5659 | D:5      | Entered Level 5 of the Dungeon
  6066 | D:4      | Reached skill level 1 in Axes
  6344 | D:5      | Found a staircase to the Ecumenical Temple.
  6366 | Temple   | Entered the Ecumenical Temple
  6845 | Temple   | Became a worshipper of Yredelemnul the Dark
  6876 | D:5      | Reached XP level 8. HP: 38/41 MP: 9/21
  7012 | D:5      | Reached * piety under Yredelemnul
  7032 | D:5      | Noticed Eustachio
  7042 | D:5      | Killed Eustachio
  7621 | D:6      | Reached skill level 5 in Stealth
  7692 | D:6      | Reached ** piety under Yredelemnul
  7697 | D:6      | Found a snail-covered altar of Cheibriados.
  7918 | D:6      | HP: 1/41 [electric eel/bolt of electricity (11)]
  8401 | D:6      | Noticed Menkaure
  9271 | D:7      | Reached XP level 9. HP: 32/45 MP: 16/24
  9392 | D:7      | Noticed a troll
  9400 | D:7      | Killed a troll
  9401 | D:7      | Reached skill level 10 in Spellcasting
 10284 | D:8      | Reached skill level 10 in Necromancy
 10667 | D:8      | Reached XP level 10. HP: 40/50 MP: 2/27
 10673 | D:8      | Reached skill level 5 in Dodging
 11530 | D:9      | Noticed Grum
 11536 | D:9      | Killed from afar by a tengu conjurer

Illustrated notes

Levels and vault maps discovered:
D:1:      dpeg_arrival_ratfight, layout_basic,
          shapermc_ecumenical_altar_rom_forum
D:2:      layout_basic, uniq_natasha, uniq_robin, uniq_crazy_yiuf_cottage
D:3:      layout_basic, cheibrodos_sewer_entry_bend, uniq_sigmund
D:4:      layout_loops_cross, eino_small_chamber_without_monster,
          minmay_shop_grid_forest, minmay_snake_closets
D:5:      layout_gridville, minmay_temple_entry_overgrown, uniq_eustachio
D:6:      layout_rooms, mainiacjoe_overflow_concentric_impassable,
          kennysheep_boxes, uniq_menkaure
D:7:      layout_loops_ring, amcnicky_mini_corridor_feature
D:8:      minmay_inner_zag, layout_rooms, dk_noncrumbling_4, minmay_bent
D:9:      layout_basic, moated_statue, dk_noncrumbling_3, minmay_crystal_water,
          minivault_1, nicolae_wwwww, minmay_fractal_squares_gapless_5,
          uniq_grum
Temple:   roderic_octagonal_lattice_temple

Skill      XL: |  1  2  3  4  5  6  7  8  9 10 |
---------------+-------------------------------+-----
Necromancy     | 5 6 7 8 9 10 11 | 11.1
Stealth        | 3 4 5 |  5.4
Spellcasting   | 4 5 6 7 9 11 | 11.9
Short Blades   | 1 |  1.7
Dodging        | 3 4 5 |  5.2
Axes           | 1 3 4 |  4.9
Invocations    | |  0.1

Action                   |  1- 3 |  4- 6 |  7- 9 | 10-12 || total
-------------------------+-------+-------+-------+-------++-------
Melee: Short sword       |    11 |       |       |       ||    11
       Dagger            |    32 |    18 |     6 |       ||    56
       War axe           |       |    37 |    94 |    33 ||   164
Throw: Stone             |       |     1 |       |       ||     1
       Dart              |       |       |     2 |       ||     2
 Cast: Pain              |    47 |    80 |    45 |    10 ||   182
       Vampiric Draining |     9 |    14 |    40 |     3 ||    66
       Animate Dead      |       |     2 |     2 |       ||     4
Invok: Recall Undead Har |       |       |     1 |     1 ||     2
       Dark Bargain      |       |       |       |     1 ||     1
  Use: Scroll            |     3 |     7 |     8 |       ||    18
       Potion            |       |       |     3 |       ||     3
 Stab: Sleeping          |     8 |     8 |     6 |       ||    22
       Distracted        |       |       |       |     1 ||     1
Armor: Robe              |     9 |     8 |     9 |       ||    26
       Leather armour    |       |       |    12 |     8 ||    20
Dodge: Dodged            |    47 |    37 |   155 |    32 ||   271

Table legend: (Time is in decaauts)
 A = Elapsed time spent in this place.
 B = Non-inter-level travel time spent in this place.
 C = Inter-level travel time spent in this place.
 D = Time resting spent in this place.
 E = Time spent auto-exploring this place.
 F = Levels seen in this place.
 G = Mean time per level.
                   A        B        C        D        E       F      G
               +--------+--------+--------+--------+--------+-----+--------+
         Total |  11542 |  11015 |    527 |   2874 |   5993 |  10 | 1154.2 |
       Dungeon |  11047 |  10558 |    489 |   2874 |   5558 |   9 | 1227.4 |
        Temple |    495 |    457 |     38 |      0 |    435 |   1 |  495.0 |
               +--------+--------+--------+--------+--------+-----+--------+

Top non-repeatable levels by time:
     D:2: 1817 daAuts
     D:1: 1509 daAuts
     D:3: 1437 daAuts
     D:5: 1433 daAuts
     D:4: 1393 daAuts
     D:8: 1302 daAuts
     D:6: 1181 daAuts
     D:7: 925 daAuts
  Temple: 495 daAuts
     D:9: 46 daAuts
